 Dungeon Crawl Stone Soup version 0.22-a0-48-g8770677 (webtiles) character file.

1856 Kidiri the Thaumaturge (level 8, -3/40 HPs)
             Began as a Deep Elf Fire Elementalist on Jan 7, 2018.
             Was an Initiate of Vehumet.
             Shot with a sling bullet by Joseph (17 damage)
             ... on level 7 of the Dungeon.
             The game lasted 00:16:11 (6219 turns).

Kidiri the Thaumaturge (Deep Elf Fire Elementalist) Turns: 6219, Time: 00:16:12

Health: -3/40      AC:  7    Str:  5    XL:     8   Next: 89%
Magic:  4/23       EV: 13    Int: 29    God:    Vehumet [......]
Gold:   390        SH:  0    Dex: 15    Spells: 3/25 levels left

rFire    . . .     SeeInvis .   p - +6 dagger (drain)
rCold    . . .     Gourm    .   (no shield)
rNeg     . . .     Faith    .   w - +3 leather armour
rPois    .         Spirit   .   (no helmet)
rElec    .         Reflect  .   (no cloak)
rCorr    .         Harm     .   n - +0 pair of gloves
MR       .....                  (no boots)
Stlth    ++........             (no amulet)
HPRegen  0.13/turn              o - +4 ring of intelligence
MPRegen  0.18/turn              (no ring)

@: no status effects
A: clever 1, frail 1
a: Renounce Religion


You were on level 7 of the Dungeon.
You worshipped Vehumet.
Vehumet was noncommittal.
You were not hungry.

You visited 1 branch of the dungeon, and saw 7 of its levels.

You collected 390 gold pieces.

Inventory:

Hand Weapons
 p - a +6 dagger of draining (weapon)
 A - a +2 rapier of venom
Armour
 n - a +0 pair of gloves (worn)
 q - a +0 robe of cold resistance
 w - a +3 leather armour (worn)
Jewellery
 o - a +4 ring of intelligence (left hand)
Wands
 j - a wand of flame (25)
 u - a wand of iceblast (9)
Scrolls
 d - 2 scrolls of remove curse
 e - 3 scrolls of blinking
 h - 8 scrolls of teleportation
 i - a scroll of noise
 k - a scroll of magic mapping
 x - 2 scrolls of fear
Potions
 a - 2 potions of magic {unknown}
 b - a potion of degeneration {unknown}
 g - 2 potions of might
 l - 3 potions of haste
 m - 3 potions of flight
 r - a potion of ambrosia
 s - a potion of heal wounds
 t - a potion of resistance
 v - 2 potions of curing {unknown}
Books
 y - a book of Air

   Spells                             Type                      Level
   a - Shock                          Conjuration/Air              1
   b - Swiftness                      Charms/Air                   2
   c - Static Discharge               Conjuration/Air              3
   d - Airstrike                      Air                          4
   e - Lightning Bolt                 Conjuration/Air              5
Comestibles
 c - 6 rations


   Skills:
 + Level 2.4 Fighting
 + Level 3.0 Short Blades
 + Level 2.4 Armour
 + Level 4.5 Dodging
 - Level 2.4 Stealth
 * Level 9.2 Spellcasting
 + Level 5.0 Conjurations
 + Level 5.9 Fire Magic
 + Level 1.4 Air Magic


You had 3 spell levels left.
You knew the following spells:

 Your Spells              Type           Power        Failure   Level  Hunger
a - Flame Tongue          Conj/Fire      #####        1%          1    None
b - Throw Flame           Conj/Fire      #####.       1%          2    None
c - Conjure Flame         Conj/Fire      #####...     1%          3    None
d - Inner Flame           Hex/Fire       ####....     6%          3    None
e - Sticky Flame          Conj/Fire      #####...     7%          4    None
f - Fireball              Conj/Fire      #####.....   19%         5    ####...
g - Airstrike             Air            ###.......   34%         4    None


Dungeon Overview and Level Annotations

Branches:
Dungeon (7/15)
 Temple: D:4-7

Altars:
Ashenzari
Elyvilon
Gozag
Vehumet

Annotations:
D:7 Joseph


Innate Abilities, Weirdness & Mutations

Your mind is acute. (Int +2)
You are frail. (-10% HP)


Message History

Joseph burns!
Joseph shoots a sling bullet.
The sling bullet barely misses you.
Unknown command.
Casting: Sticky Flame
Confirm with . or Enter, or press ? or * to list all spells.
Aiming: Fireball
Press: ? - help, Shift-Dir - straight line, f/p - Joseph
Aim: Joseph, wielding a hunting sling and wearing a leather armour (heavily wounded, covered in liquid flames)
The fireball explodes!
The fireball engulfs Joseph.
Joseph is severely wounded.
Joseph burns!
Joseph shoots a sling bullet.
The sling bullet hits you!
Unknown command.
Casting: Fireball
Confirm with . or Enter, or press ? or * to list all spells.
Aiming: Fireball
Press: ? - help, Shift-Dir - straight line, f/p - Joseph
Aim: Joseph, wielding a hunting sling and wearing a leather armour (severely wounded, covered in liquid flames)
The fireball explodes!
The fireball engulfs Joseph.
Joseph is almost dead.
Joseph burns!
Joseph shoots a sling bullet.
The sling bullet hits you!
You die...

#...... ########.......
#...... ...............
#...... ##..[............
....... .................
.#.....## #.......)..).<..
#.......#######.((.....)...##.
........(...............######
#...###.###.....>.......# #
##.....##.@..........#
#.8..@8.###..........#
#.......###(##########
#....._.....#@#
###.......#...# #.8...8.###.#
##.....## #.# ###.### #.# ...
#..


You could see Joseph (burning).

Vanquished Creatures
  Pikel (D:5)
  Prince Ribbit (D:7)
  4 slaves (D:5)
  A sky beast (D:5)
  The ghost of KristoblXynda the Slasher, an amateur NaGl (D:3)
  2 centaurs
  A bullfrog (D:5)
  A scorpion (D:4)
  3 wights (D:7)
  A howler monkey (D:5)
  A centaur zombie (D:7)
  A crimson imp (D:6)
  A jelly (D:7)
  An orc priest (D:3)
  An orc wizard (D:5)
  A bullfrog skeleton (D:4)
  2 iguanas
  4 worker ants
  2 killer bee zombies
  A worker ant zombie (D:6)
  7 adders
  3 gnolls (D:2)
  2 oozes
  An adder skeleton (D:6)
  5 worms
  5 leopard geckos
  10 orcs
  2 ball pythons
  3 giant cockroaches
  8 goblins
  6 hobgoblins
  A jackal (D:3)
  3 quokkas
  8 bats
  2 frilled lizards (D:1)
  A jackal skeleton (D:3)
  7 kobolds
  A leopard gecko skeleton (D:6)
  10 rats
116 creatures vanquished.

Vanquished Creatures (collateral kills)
  A leopard gecko skeleton (D:6)
1 creature vanquished.

Grand Total: 117 creatures vanquished

Notes
Turn   | Place    | Note
-------+----------+-------------------------------------------
     0 | D:1      | Kidiri the Deep Elf Fire Elementalist began the quest for the Orb.
     0 | D:1      | Reached XP level 1. HP: 10/10 MP: 6/6
   181 | D:1      | Reached XP level 2. HP: 15/15 MP: 2/8
   185 | D:1      | Learned a level 2 spell: Throw Flame
   794 | D:2      | Reached skill level 4 in Spellcasting
   878 | D:2      | Reached XP level 3. HP: 19/19 MP: 3/10
   883 | D:2      | Learned a level 3 spell: Conjure Flame
   887 | D:2      | Learned a level 3 spell: Inner Flame
  1320 | D:2      | Reached XP level 4. HP: 23/24 MP: 2/12
  1653 | D:2      | Reached skill level 5 in Spellcasting
  1729 | D:3      | Noticed KristoblXynda's ghost (amateur NaGl)
  1732 | D:3      | Learned a level 4 spell: Sticky Flame
  1741 | D:3      | Killed KristoblXynda's ghost
  1741 | D:3      | Reached XP level 5. HP: 24/28 MP: 0/15
  1956 | D:3      | Reached skill level 6 in Spellcasting
  2503 | D:3      | Found a shattered altar of Ashenzari.
  2781 | D:3      | Found a white marble altar of Elyvilon.
  2831 | D:3      | Gained mutation: You are frail. (-10% HP) [potion of mutation]
  2831 | D:3      | Gained mutation: Your mind is acute. (Int +2) [potion of mutation]
  3095 | D:4      | Reached XP level 6. HP: 4/28 MP: 0/17
  3102 | D:4      | Learned a level 5 spell: Fireball
  4388 | D:5      | Entered Level 5 of the Dungeon
  4388 | D:5      | Noticed a sky beast
  4393 | D:5      | Killed a sky beast
  4393 | D:5      | Reached skill level 1 in Short Blades
  4393 | D:5      | Reached skill level 1 in Armour
  4393 | D:5      | Reached skill level 7 in Spellcasting
  4393 | D:5      | Reached XP level 7. HP: 33/33 MP: 11/19
  4447 | D:5      | Reached skill level 5 in Fire Magic
  4452 | D:5      | Reached skill level 1 in Fighting
  4724 | D:5      | Found a radiant altar of Vehumet.
  4979 | D:5      | Noticed Pikel
  4994 | D:5      | Killed Pikel
  4994 | D:5      | Reached skill level 8 in Spellcasting
  4994 | D:5      | Reached XP level 8. HP: 39/39 MP: 6/22
  5333 | D:5      | Became a worshipper of Vehumet
  5643 | D:6      | Learned a level 4 spell: Airstrike
  6010 | D:7      | Reached skill level 1 in Air Magic
  6011 | D:7      | Noticed Prince Ribbit
  6015 | D:7      | Killed Prince Ribbit
  6015 | D:7      | Reached skill level 9 in Spellcasting
  6176 | D:7      | Found an opulent altar of Gozag.
  6178 | D:7      | Noticed Joseph
  6178 | D:7      | Reached skill level 5 in Conjurations
  6219 | D:7      | Shot with a sling bullet by Joseph

Vault maps used:
D:1:      giann_wishing_wells
D:2:      st_stairs_5, minmay_circled_x
D:3:      lemuel_doored_altar, cheibrodos_ashenzari_chains
D:4:      first_ration
D:5:      fiery_altar_vehumet, uniq_pikel
D:6:      kennysheep_cross_room
D:7:      temple_doors_e, grunt_gozag_statues, uniq_prince_ribbit1,
          uniq_crazy_yiuf_cottage, uniq_joseph

Skill      XL: |  1  2  3  4  5  6  7  8 |
---------------+-------------------------+-----
Spellcasting   | 4 5 6 7 8 9 |  9.2
Conjurations   | 2 3 4 5 |  5.0
Fire Magic     | 4 5 |  5.9
Short Blades   | 1 2 3 |  3.0
Armour         | 1 2 |  2.4
Dodging        | 3 4 |  4.5
Fighting       | 1 2 |  2.4
Air Magic      | 1 |  1.4
Stealth        | |  2.4

Action                   |  1- 3 |  4- 6 |  7- 9 || total
-------------------------+-------+-------+-------++-------
Melee: Dagger            |     6 |    60 |     9 ||    75
       Rapier            |       |       |     8 ||     8
 Cast: Flame Tongue      |    54 |    57 |    41 ||   152
       Throw Flame       |    13 |    20 |    21 ||    54
       Conjure Flame     |       |     2 |     1 ||     3
       Inner Flame       |       |     1 |     2 ||     3
       Sticky Flame      |       |     4 |     8 ||    12
       Fireball          |       |       |     4 ||     4
       Airstrike         |       |       |     1 ||     1
  Use: Scroll            |     4 |     8 |     9 ||    21
       Potion            |       |     1 |       ||     1
 Stab: Sleeping          |     3 |     2 |     3 ||     8
  Eat: Chunk             |     1 |     6 |     7 ||    14
       Ration            |       |     1 |       ||     1
Armor: Robe              |     4 |     3 |       ||     7
       Leather armour    |       |       |     5 ||     5
Dodge: Dodged            |    25 |    58 |    23 ||   106

Table legend:
 A = Spawn XP
 B = Non-spawn XP
 C = Spawn XP percentage of total XP
 D = Spawn monster count
 E = Non-spawn monster count
 F = Spawn count percentage of total count
 G = Total turns spent on level
                    A         B        C        D         E        F      G
               +---------+---------+-------+---------+---------+-------+---------
         Total |       0 |    2652 |   0.0 |       0 |     113 |   0.0 |  6219
               +---------+---------+-------+---------+---------+-------+---------
           D:1 |       0 |      30 |   0.0 |       0 |      17 |   0.0 |   783
           D:2 |       0 |     118 |   0.0 |       0 |      28 |   0.0 |  1097
           D:3 |       0 |     224 |   0.0 |       0 |      24 |   0.0 |  1178
           D:4 |       0 |     304 |   0.0 |       0 |      10 |   0.0 |  1332
           D:5 |       0 |    1098 |   0.0 |       0 |      15 |   0.0 |   998
           D:6 |       0 |     312 |   0.0 |       0 |      12 |   0.0 |   617
           D:7 |       0 |     566 |   0.0 |       0 |       7 |   0.0 |   214
               +---------+---------+-------+---------+---------+-------+---------
